 Dungeon Crawl Stone Soup version 0.31.0-4-g52a2dc7128 (webtiles) character file.

Game seed: 9561255137366265211

50 boopmooplesden the Twirler (level 3, -3/30 HPs)
             Began as a Minotaur Gladiator on Jan 22, 2024.
             Slain by Grinder (4 damage)
             ... on level 3 of the Dungeon.
             The game lasted 00:03:11 (1212 turns).

boopmooplesden the Twirler (Minotaur Gladiator)     Turns: 1212, Time: 00:03:12

Health: -3/30      AC:  3    Str: 26    XL:     3   Next: 55%
Magic:  2/2        EV: 12    Int:  5    God:
Gold:   177        SH:  0    Dex: 11    Spells: 2/2 levels left

rFire   . . .        a - +0 quarterstaff
rCold   . . .        (shield currently unavailable)
rNeg    . . .        b - +0 leather armour
rPois   .            c - +0 hat
rElec   .            (no cloak)
rCorr   .            (no gloves)
SInv    .            (no boots)
Will    .....        h - amulet of regeneration
Stlth   +            g - +6 ring of strength
HPRegen 1.05/turn    (no ring)
MPRegen 0.08/turn

%: no passive effects
@: no status effects
A: horns 2, retaliatory headbutt
a: no special abilities


You were on level 3 of the Dungeon.
You visited 1 branch of the dungeon, and saw 3 of its levels.

You collected 177 gold pieces.

Inventory:

Hand Weapons
 a - a +0 quarterstaff (weapon)
Missiles
 d - 3 throwing nets (quivered)
 e - a javelin
Armour
 b - a +0 leather armour (worn)
 c - a +0 hat (worn)
Jewellery
 g - a +6 ring of strength (left hand)
 h - an amulet of regeneration (around neck)
Talismans
 k - a beast talisman
Scrolls
 i - a scroll of fog
 m - a scroll of enchant weapon {unknown}
Potions
 f - 2 potions of brilliance
 j - 2 potions of curing {unknown}
 l - 2 potions of mutation
 n - a potion of attraction {unknown}


   Skills:
 + Level 2.7 Fighting
 + Level 4.5 Staves
 + Level 2.1 Throwing
 + Level 0.4 Armour
 + Level 3.9 Dodging
 + Level 0.2 Stealth


You had 2 spell levels left.
You didn't know any spells.
Your spell library contained the following spells:

 Spells                   Type           Power      Damage    Failure   Level
 Apportation              Tloc           0%         N/A       52%         1
 Ensorcelled Hibernation  Hex/Ice        0%         N/A       65%         2
 Jinxbite                 Hex            0%         N/A       65%         2
 Passwall                 Erth           0%         N/A       87%         3
 Swiftness                Air            0%         N/A       87%         3
 Tukima's Dance           Hex            0%         N/A       87%         3
 Dimensional Bullseye     Hex/Tloc       0%         N/A       99%         4
 Iskenderun's Mystic Bla  Conj/Tloc      0%         2d3       99%         4
 Alistair's Intoxication  Alch           0%         N/A       100%        5


Dungeon Overview and Level Annotations

Branches:
Dungeon (3/15)

Altars:

Annotations:
D:3 Grinder


Innate Abilities, Weirdness & Mutations

You have a pair of horns on your head.
You reflexively headbutt those who attack you in melee.


Message History

A jackal comes into view.
You miss the jackal. The jackal barely misses you. x2
You furiously retaliate!
You headbutt the jackal. You hit the jackal.
The jackal is severely wounded.
The jackal barely misses you. You furiously retaliate!
You headbutt the jackal.
You kill the jackal!
Grinder blinks!
Found 8 stones.
The jackal bites you.
A jackal comes into view.
The jackal bites you but does no damage.
You sock the jackal!
You kill the jackal!
The jackal closely misses you.
You sock the jackal!
You kill the jackal!
You closely miss Grinder. You headbutt Grinder.
Grinder is lightly wounded.
Grinder says, "What is the universe for?"
Grinder hits you but does no damage.
You hit Grinder.
Grinder is lightly wounded.
Grinder hits you!
You writhe in agony.
You closely miss Grinder. Your headbutt misses Grinder.
Grinder is lightly wounded.
Grinder hits you.
You writhe in agony.
You closely miss Grinder. You headbutt Grinder.
Grinder is moderately wounded.
Grinder gestures at you. You resist with significant effort.
Grinder barely misses you.
You hit Grinder.
Grinder is moderately wounded.
Grinder hits you!
You sock Grinder! You headbutt Grinder.
Grinder is heavily wounded.
Grinder hits you!
* * * LOW HITPOINT WARNING * * *
You writhe in agony.
You die...
Grinder sighs, "Dead already?
I want a refund."

## ..# ...+
##.#######5...#
#.>...........#
.#####.#.....#
#####5##....#
.##..#.#....@# h...#
#...........### ...#
#.....#.#.#.# (..#
#....#+#+#.####....#
#..............# .##
#...........##.#
#............#.##
#.........#......
#.........##..###


You could see Grinder.

Vanquished Creatures
  A ribbon worm (D:2)
  6 ball pythons
  4 bats
  4 endoplasms
  A giant cockroach (D:1)
  A goblin (D:2)
  6 hobgoblins
  6 jackals
  6 kobolds (D:1)
  A quokka (D:2)
  2 frilled lizards
  4 rats
42 creatures vanquished.

Notes
Turn   | Place    | Note
-------+----------+-------------------------------------------
     0 | D:1      | boopmooplesden the Minotaur Gladiator began the quest for
                  | the Orb.
     0 | D:1      | Reached XP level 1. HP: 18/18 MP: 0/0
    88 | D:1      | Reached skill level 4 in Staves
   106 | D:1      | Reached XP level 2. HP: 21/25 MP: 1/1
   607 | D:2      | Reached XP level 3. HP: 22/30 MP: 2/2
  1196 | D:3      | Noticed Grinder
  1212 | D:3      | HP: 1/30 [Grinder (10)]
  1212 | D:3      | Slain by Grinder

Illustrated notes

Levels and vault maps discovered:
D:1:      lemuel_arrival_rhombus, layout_rooms, minmay_cut_off
D:2:      layout_basic
D:3:      layout_basic, uniq_grinder

Skill      XL: |  1 |
---------------+----+-----
Staves         | 4 |  4.5
Fighting       | |  2.7
Throwing       | |  2.1
Armour         | |  0.4
Dodging        | |  3.9
Stealth        | |  0.2

Action                     || total
---------------------------++-------
  Melee: Quarterstaff      ||    69
         Headbutt          ||    11
    Use: Scroll            ||     4
 Armour: Leather armour    ||    40
  Dodge: Dodged            ||    57
